 Dungeon Crawl Stone Soup version 0.21.1-1-g345015fe64 (webtiles) character file.

564 Loge the Conjurer (level 7, -1/36 HPs)
             Began as a Deep Elf Fire Elementalist on July 17, 2018.
             Slain by a wraith (5 damage)
             ... in an ossuary.
             The game lasted 00:13:46 (3907 turns).

Loge the Conjurer (Deep Elf Fire Elementalist)      Turns: 3907, Time: 00:13:46

Health: -1/36      AC:  5    Str:  5    XL:     7   Next: 10%
Magic:  13/17      EV: 13    Int: 22    God:
Gold:   210        SH:  0    Dex: 15    Spells: 11/17 levels left

rFire    . . .     SeeInvis .   a - +0 dagger
rCold    . . .     Gourm    .   (no shield)
rNeg     . . .     Faith    .   k - +0 robe
rPois    .         Spirit   .   (no helmet)
rElec    .         Reflect  .   (no cloak)
rCorr    .         Harm     .   (no gloves)
MR       .....                  i - +2 pair of boots
Stlth    ++........             (no amulet)
HPRegen  0.12/turn              (no ring)
MPRegen  0.15/turn              (no ring)

@: slowed, very slow
A: no striking features
a: no special abilities


You were in an ossuary.
You were hungry.

You visited 1 branch of the dungeon, and saw 5 of its levels.
You also visited: Ossuary.

You collected 210 gold pieces.

Inventory:

Hand Weapons
 a - a +0 dagger (weapon)
 s - a cursed -2 blowgun
Missiles
 y - 22 poisoned needles
Armour
 i - a +2 pair of boots (worn)
 k - a +0 robe (worn)
 p - a +0 large shield
Jewellery
 w - an uncursed ring of protection from cold {unknown}
 z - an uncursed amulet of faith {unknown}
 D - an uncursed amulet of magic regeneration {unknown}
 F - an uncursed amulet of faith {unknown}
Wands
 u - a wand of flame (24)
Scrolls
 d - 2 scrolls of fear {unknown}
 e - 6 scrolls of teleportation
 g - 3 scrolls of remove curse
 h - a scroll of identify {unknown}
 j - a scroll of amnesia {unknown}
 n - 2 scrolls of fog
 q - 2 scrolls of blinking
 t - a scroll of enchant weapon {unknown}
 C - a scroll of random uselessness {unknown}
Potions
 f - 3 potions of magic {unknown}
 l - a potion of agility {unknown}
 m - a potion of might {unknown}
 o - 3 potions of haste {unknown}
 r - a potion of lignification {unknown}
 v - 4 potions of curing {unknown}
 B - a potion of resistance
 E - 2 potions of brilliance {unknown}
Books
 b - a book of Flames

   Spells                             Type                      Level
   a - Flame Tongue                   Conjuration/Fire             1
   b - Throw Flame                    Conjuration/Fire             2
   c - Conjure Flame                  Conjuration/Fire             3
   d - Inner Flame                    Hexes/Fire                   3
   e - Sticky Flame                   Conjuration/Fire             4
   f - Fireball                       Conjuration/Fire             5
 x - a book of Ice

   Spells                             Type                      Level
   a - Ice Form                       Ice/Transmutation            4
   b - Metabolic Englaciation         Hexes/Ice                    5
   c - Ozocubu's Refrigeration        Ice                          6
   d - Bolt of Cold                   Conjuration/Ice              6
   e - Freezing Cloud                 Conjuration/Ice/Air          6
   f - Simulacrum                     Ice/Necromancy               6
Comestibles
 c - 8 rations


   Skills:
 - Level 2.4 Dodging
 - Level 2.4 Stealth
 + Level 5.7 Spellcasting
 * Level 5.9 Conjurations
 + Level 5.2 Fire Magic


You had 11 spell levels left.
You knew the following spells:

 Your Spells              Type           Power        Failure   Level  Hunger
a - Flame Tongue          Conj/Fire      ####.        1%          1    None
b - Throw Flame           Conj/Fire      ####..       1%          2    None
c - Conjure Flame         Conj/Fire      ####....     2%          3    ##.....


Dungeon Overview and Level Annotations

Branches:
Dungeon (7/15)
 Temple: D:4-7

Altars:
Gozag
Makhleb

Annotations:
D:4 exclusion: 4 doors


Message History

* * * LOW HITPOINT WARNING * * *
The wraith hits you.
* * * LOW HITPOINT WARNING * * *
The wraith misses you.
Press: ? - help, v - describe, . - travel
Here: a wraith (severely damaged)
The floor.
Casting: Flame Tongue
Confirm with . or Enter, or press ? or * to list all spells.
You don't know that spell.
The wraith closely misses you.
Casting: Flame Tongue
Confirm with . or Enter, or press ? or * to list all spells.
Aiming: Flame Tongue
Press: ? - help, Shift-Dir - straight line, f/p - wraith
Aim: a wraith (severely damaged)
The flame tongue hits the wraith.
The wraith appears unharmed.
The wraith is severely damaged.
The wraith closely misses you. The wraith hits you.
You die...

#... .^. #... ...
#..# ##.# . #..#
+..# .8
#..####.####...
#..................
#............#.#...
#.W####......# #...
#.@#!'...8...# #...
#..####......###...
#.........^........
#..................
#..#.#..#.#..#.#..#
#..#'#..#+#..# #..#
#..#.#..# #..# #..#
#..###..###..###.^#
#..................


You could see a wraith.

Vanquished Creatures
  Sigmund (D:3)
  A big kobold (D:7)
  2 hounds
  An orc wizard (D:3)
  Terence (D:3)
  2 worker ants (D:4)
  A big kobold zombie (Ossuary)
  2 mummies
  6 adders
  An ooze (D:2)
  3 worms
  A dart slug (D:4)
  2 leopard geckos (D:3)
  5 orcs (D:3)
  2 giant cockroaches
  3 goblins
  2 hobgoblins
  2 quokkas
  6 bats
  3 frilled lizards
  2 goblin zombies (Ossuary)
  3 hobgoblin zombies (Ossuary)
  12 kobolds
  2 kobold zombies (Ossuary)
  7 rats
73 creatures vanquished.

Notes
Turn   | Place    | Note
-------+----------+-------------------------------------------
     0 | D:1      | Loge the Deep Elf Fire Elementalist began the quest for the Orb.
     0 | D:1      | Reached XP level 1. HP: 10/10 MP: 6/6
   346 | D:1      | Reached XP level 2. HP: 15/15 MP: 5/8
   353 | D:1      | Learned a level 2 spell: Throw Flame
  1291 | D:2      | Reached XP level 3. HP: 19/19 MP: 0/10
  1388 | D:2      | Learned a level 3 spell: Conjure Flame
  1429 | D:2      | Reached XP level 4. HP: 6/24 MP: 0/11
  1923 | D:2      | You fall through a shaft!
  2287 | D:3      | Reached XP level 5. HP: 28/28 MP: 5/13
  2579 | D:3      | Noticed Terence
  2594 | D:3      | Killed Terence
  2803 | D:3      | Noticed Sigmund
  2816 | D:3      | Killed Sigmund
  2816 | D:3      | Reached skill level 5 in Spellcasting
  2816 | D:3      | Reached skill level 5 in Conjurations
  2816 | D:3      | Reached XP level 6. HP: 26/32 MP: 2/15
  3118 | D:4      | Found a burning altar of Makhleb.
  3178 | D:4      | Found an opulent altar of Gozag.
  3304 | D:4      | Reached skill level 5 in Fire Magic
  3493 | D:4      | You fall through a shaft for 3 floors!
  3519 | D:7      | Reached XP level 7. HP: 31/36 MP: 6/17
  3551 | D:7      | Found a sand-covered staircase.
  3561 | Ossuary  | Entered an ossuary
  3561 | Ossuary  | Noticed a wraith
  3561 | Ossuary  | Noticed a wraith
  3561 | Ossuary  | Noticed a wraith
  3894 | Ossuary  | Noticed a wraith
  3907 | Ossuary  | Slain by a wraith

Skill      XL: |  1  2  3  4  5  6 |
---------------+-------------------+-----
Conjurations   | 2 3 4 5 |  5.9
Spellcasting   | 4 5 |  5.7
Fire Magic     | 4 5 |  5.2
Dodging        | |  2.4
Stealth        | |  2.4

Action                   |  1- 3 |  4- 6 |  7- 9 || total
-------------------------+-------+-------+-------++-------
Melee: Dagger            |    13 |     5 |       ||    18
 Cast: Flame Tongue      |    42 |    72 |    29 ||   143
       Throw Flame       |    11 |    12 |     5 ||    28
       Conjure Flame     |     1 |     8 |       ||     9
  Use: Scroll            |       |     4 |       ||     4
  Eat: Chunk             |     2 |     7 |       ||     9
Armor: Robe              |     5 |     3 |     2 ||    10
Dodge: Dodged            |    15 |    10 |     6 ||    31
